 Dungeon Crawl Stone Soup version 0.29.1-13-g9f3cf754e1 (webtiles) character file.

Game seed: 15473261780740149805

20703 devnull the Necromancer (level 12, -17/90 HPs)
             Began as a Demonspawn Necromancer on Jan 15, 2023.
             Was an Initiate of Yredelemnul.
             Killed from afar by a war gargoyle (42 damage)
             ... with a spray of metal splinters
             ... on level 12 of the Dungeon on Jan 21, 2023.
             The game lasted 01:26:15 (20279 turns).

devnull the Necromancer (Demonspawn Necromancer)   Turns: 20279, Time: 01:26:16

Health: -17/90     AC: 21    Str: 14    XL:     12   Next: 47%
Magic:  21/21      EV: 19    Int: 21    God:    Yredelemnul [......]
Gold:   611        SH:  0    Dex: 17    Spells: 12/23 levels left

rFire   x . .      SeeInvis .   a - +10 rapier "Killer Klown's Doom" {vorpal, *Corrode rN+++ Str+4 Dex+4}
rCold   + . .      Faith    .   (no shield)
rNeg    + + +      Spirit   .   E - +2 acid dragon scales
rPois   .          Reflect  .   P - +1 hat {Will+}
rElec   .          Harm     .   N - +2 cloak
rCorr   +          Rampage  .   O - +0 pair of gloves
Will    +....                   I - +0 pair of boots
Stlth   ++........              (no amulet)
HPRegen 0.25/turn               r - ring of ice
MPRegen 0.17/turn               S - +4 ring of protection

@: agile, about to teleport
A: antennae 1, rugged brown scales 1, ignite blood 2, powered by pain 2
a: Renounce Religion, Recall Undead Harvest


You were on level 12 of the Dungeon.
You worshipped Yredelemnul.
Yredelemnul was aware of your devotion.
You visited 2 branches of the dungeon, and saw 13 of its levels.

You collected 611 gold pieces.

Inventory:

Hand Weapons
 a - the +10 rapier "Killer Klown's Doom" (weapon) {vorpal, *Corrode rN+++ Str+4 Dex+4}
   (You found it on level 2 of the Dungeon)

   It inflicts extra damage upon your enemies.
   Str:       It affects your strength (+4).
   Dex:       It affects your dexterity (+4).
   rN:        It renders you almost immune to negative energy.
   *Corrode:  It may corrode you when you take damage.
 b - the +5 sling "Noasiymeo" {vorpal, rC+++ rN+ MP-9 Stlth+}
   (You found it on level 4 of the Dungeon)

   Any ammunition fired from it inflicts extra damage upon your enemies.
   rC:        It renders you almost immune to cold.
   rN:        It protects you from negative energy.
   MP:        It affects your magic capacity (-9).
   Stlth:     It makes you more stealthy.
 h - a +0 demon whip of venom
 y - a +0 vampiric spear
 T - a +2 hand axe of flaming
Missiles
 i - 14 poisoned darts
 F - a throwing net
 L - an atropa-tipped dart
Armour
 E - +2 acid dragon scales (worn)
 I - a +0 pair of boots (worn)
 N - a +2 cloak (worn)
 O - a +0 pair of gloves (worn)
 P - a +1 hat of willpower (worn)
 Q - a +1 robe of the Archmagi
Magical Staves
 H - a staff of death
Jewellery
 f - a ring of poison resistance
 r - a ring of ice (left hand)
 u - a ring of see invisible
 S - a +4 ring of protection (right hand)
 V - a ring of flight
Wands
 s - a wand of flame (11)
 A - a wand of paralysis (19)
 K - a wand of roots (18)
 M - a wand of acid (2)
Scrolls
 c - 2 scrolls of poison
 d - 3 scrolls of summoning
 e - 7 scrolls of teleportation
 k - 5 scrolls of blinking
 l - 3 scrolls of torment
 o - 3 scrolls of immolation
 q - 2 scrolls of enchant armour
 B - a scroll of amnesia
 D - 5 scrolls of enchant weapon
 R - a scroll of silence
Potions
 g - 2 potions of resistance
 j - 3 potions of brilliance
 n - 3 potions of ambrosia
 p - a potion of flight
 t - a potion of might
 v - 6 potions of curing
 w - a potion of haste
 x - 2 potions of magic
 C - 5 potions of attraction {unknown}
 J - 2 potions of mutation {unknown}
 U - 2 potions of degeneration {unknown}
 W - 2 potions of heal wounds {unknown}
 Y - a potion of berserk rage {unknown}
 Z - a potion of invisibility {unknown}


   Skills:
 - Level 6.0 Fighting
 - Level 5.3 Armour
 - Level 5.0 Dodging
 - Level 1.7 Stealth
 - Level 6.0 Spellcasting
 - Level 16.0 Necromancy
 + Level 10.3 Invocations
 - Level 6.0 Evocations


You had 12 spell levels left.
You knew the following spells:

 Your Spells              Type           Power      Damage    Failure   Level
a - Necrotise             Necr           100%       1d9       1%          1
b - Vampiric Draining     Necr           65%        2d10      1%          3
d - Agony                 Necr           65%        N/A       1%          5
e - Sublimation of Blood  Necr           65%        N/A       1%          2

Your spell library contained the following spells:

 Spells                   Type           Power      Damage    Failure   Level
 Summon Small Mammal      Summ           24%        N/A       13%         1
 Ensorcelled Hibernation  Hex/Ice        18%        N/A       21%         2
 Passwall                 Tmut/Erth      5%         N/A       21%         2
 Wereblood                Tmut           6%         N/A       21%         2
 Call Canine Familiar     Summ           6%         N/A       36%         3
 Gell's Gravitas          Tloc           6%         N/A       36%         3
 Lesser Beckoning         Tloc           6%         N/A       36%         3
 Portal Projectile        Hex/Tloc       12%        N/A       36%         3
 Summon Guardian Golem    Hex/Summ       6%         N/A       36%         3
 Swiftness                Air            6%         N/A       36%         3
 Teleport Other           Tloc           6%         N/A       36%         3
 Tukima's Dance           Hex            6%         N/A       36%         3
 Blade Hands              Tmut           3%         N/A       98%         5
 Orb of Destruction       Conj           3%         9d5       100%        7
 Spellforged Servitor     Conj/Summ      3%         N/A       100%        7
 Summon Hydra             Summ           3%         N/A       100%        7
 Animate Dead             Necr           Unusable   N/A       N/A         4

Dungeon Overview and Level Annotations

Branches:
Dungeon (12/15)            Temple (1/1) D:5            Lair (0/5) D:8
    Orc (0/2) D:12

Altars:
Ashenzari
Cheibriados
Dithmenos
Fedhas
Gozag
Hepliaklqana
Kikubaaqudgha
Makhleb
Nemelex Xobeh
Okawaru
Qazlal
Ru
Sif Muna
Trog
Uskayaw
Vehumet
Wu Jian
Xom
Yredelemnul

Shops:
D:11 *[

Annotations:
D:9 2 transporters, SirLogeyBear's ghost, novice HOBe
D:12 exclusion: ice statue


Innate Abilities, Weirdness & Mutations

You have a pair of small antennae on your head.
You are partially covered in rugged brown scales. (AC +1, +3% HP)
Your demonic aura often causes spilled blood to erupt in flames.
You sometimes gain power by taking damage.


Message History

Unknown command.
Unknown command.
Things that are here:
a +0 flail; a +0 flail The war gargoyle launches metal splinters at you.
The spray of metal splinters hits you!!
You focus on the pain.
You feel agile all of a sudden.
Things that are here:
a +0 robe; a +0 dagger The war gargoyle launches metal splinters at you.
The spray of metal splinters misses you.
You see here a +0 morningstar.
The war gargoyle launches metal splinters at you.
The spray of metal splinters hits you!
You see here a +0 morningstar.
The war gargoyle launches metal splinters at you.
The spray of metal splinters hits you.
You see here a +0 dire flail.
There is a stone staircase leading up here.
Okay, then.
Unknown command.
Press: ? - help, v - describe, . - travel
Here: a war gargoyle, wielding a +0 flail of protection The floor.
Unknown command.
Okay, then.
Unknown command.
Okay, then.
The war gargoyle launches metal splinters at you.
The spray of metal splinters hits you!!
* * * LOW HITPOINT WARNING * * *
Blink to where?
Press: ? - help, Dir - move target
As you read the scroll of blinking, it crumbles to dust.
As you read the scroll of teleportation, it crumbles to dust.
You feel strangely unstable.
The war gargoyle launches metal splinters at you.
The spray of metal splinters hits you!!!
You die...
Your body rises from the dead as a mindless zombie.

## .# .## ..#
####### ..##
#.....# ...#
#.....# ..#
####.....####
..#
#.........@.+
.#
#.........###
.# #.......###
##.....9.#
#<.)....##
###..####
######9)).####
...).).##....#
)###########.#


You could see a war gargoyle (catching breath).

Vanquished Creatures
  Gastronok (D:8)
  An ice dragon (D:12)
  Josephine (D:11)
  2 hydras (D:11)
  A two-headed ogre (D:9)
  Amaemon (D:8)
  Pikel (D:4)
  A manticore (D:12)
  Maurice (D:8)
  8 gargoyles (D:12)
  An orange demon (D:8)
  Maggie (D:6)
  2 unseen horrors
  5 trolls
  2 hornets
  A vampire (D:9)
  Sigmund (D:6)
  8 yaks
  7 wraiths
  A wyvern (D:8)
  A steam dragon (D:8)
  A vampire mosquito (D:12)
  Menkaure (D:6)
  2 acid dragons
  A two-headed ogre zombie (D:12)
  6 ice beasts
  3 black bears
  5 orc warriors
  A sky beast (D:7)
  3 ogres
  2 wolves (D:8)
  5 centaurs
  A lemure (D:4)
  A vampire mosquito zombie (D:12)
  A necrophage (D:7)
  A bullfrog (D:6)
  A gnoll sergeant (D:7)
  6 scorpions
  10 wights
  A troll zombie (D:12)
  6 electric eels
  A howler monkey (D:11)
  Crazy Yiuf (D:6)
  9 hounds
  2 jellies
  2 gnoll boudas (D:5)
  5 orc priests
  Jessica (D:3)
  An iguana (D:6)
  Ijyb (D:3)
  9 orc wizards
  An acid dragon zombie (D:10)
  Robin (D:4)
  A spectral electric eel (D:8)
  25 gnolls
  6 adders
  A shadow imp (D:6)
  2 white imps
  2 ufetubi (D:5)
  A worm (D:2)
  3 dart slugs
  29 orcs
  3 bats
  7 endoplasms
  A giant cockroach (D:3)
  2 gnoll zombies
  17 goblins
  6 hobgoblins
  2 jackals (D:1)
  3 kobolds
  3 quokkas
  9 ball pythons
  5 frilled lizards
  2 orc zombies
  4 rats
274 creatures vanquished.

Vanquished Creatures (collateral kills)
  A two-headed ogre (D:12)
  A vampire (D:10)
  A shadow (D:10)
  A wraith (D:11)
  A yak (D:10)
  2 vampire mosquitoes (D:12)
  3 ice beasts (D:12)
  A centaur (D:8)
  A gnoll sergeant (D:9)
  2 wights
  2 orc priests (D:9)
  An iguana (D:6)
  2 gnolls (D:9)
  A white imp (D:12)
  2 orcs
  A giant cockroach (D:1)
  2 goblins
  A jackal (D:1)
26 creatures vanquished.

Vanquished Creatures (others)
  An unseen horror zombie (D:10)
  A hornet zombie (D:8)
  A manticore zombie (D:12)
  A vampire mosquito zombie (D:12)
  A wyvern zombie (D:8)
  4 yak zombies
  A troll zombie (D:12)
  A wolf zombie (D:8)
  3 centaur zombies
  2 human zombies (D:6)
  An acid dragon zombie (D:12)
  4 ice beast zombies
  2 hound zombies (D:8)
  2 spectral electric eels (D:8)
  A jelly zombie (D:8)
  20 orc zombies
  A spectral shadow imp (D:6)
  10 gnoll zombies
  2 goblin zombies (D:10)
  2 plants (D:6)
61 creatures vanquished.

Grand Total: 361 creatures vanquished

Notes
Turn   | Place    | Note
-------+----------+-------------------------------------------
     0 | D:1      | devnull the Demonspawn Necromancer began the quest for the
                  | Orb.
     0 | D:1      | Reached XP level 1. HP: 13/13 MP: 3/3
   246 | D:1      | Gained mutation: You sometimes gain a little power by
                  | taking damage. [demonic ancestry]
   246 | D:1      | Reached XP level 2. HP: 8/19 MP: 0/5
   252 | D:1      | Reached skill level 5 in Necromancy
  1378 | D:2      | Gained mutation: Your demonic aura sometimes causes spilled
                  | blood to erupt in flames. [demonic ancestry]
  1378 | D:2      | Reached XP level 3. HP: 24/24 MP: 2/6
  1824 | D:2      | Reached skill level 6 in Necromancy
  1859 | D:2      | Reached skill level 1 in Fighting
  1906 | D:2      | Identified the +10 rapier "Killer Klown's Doom" {vorpal,
                  | *Corrode rN+++ Str+4 Dex+4}
  1941 | D:2      | Reached XP level 4. HP: 30/32 MP: 7/7
  2699 | D:3      | Noticed Jessica
  3275 | D:2      | Found a faded altar of an unknown god.
  3498 | D:3      | Noticed Ijyb
  3506 | D:3      | Killed Ijyb
  3507 | D:3      | Reached XP level 5. HP: 30/40 MP: 3/8
  3752 | D:3      | Killed Jessica
  4014 | D:3      | Reached XP level 6. HP: 49/49 MP: 9/9
  4055 | D:4      | Identified the +5 sling "Noasiymeo" {vorpal, rC+++ rN+ MP-9
                  | Stlth+}
  4414 | D:4      | Found a broken altar of Ashenzari.
  4418 | D:4      | Saw a vision of the Swamp and the Snake Pit.
  4418 | D:4      | Noticed a naga
  4418 | D:4      | Noticed a black mamba
  4418 | D:4      | Noticed an anaconda
  4418 | D:4      | Noticed a naga
  4418 | D:4      | Noticed a black mamba
  4418 | D:4      | Noticed a naga
  4418 | D:4      | Noticed a naga mage
  4418 | D:4      | Noticed a naga warrior
  4418 | D:4      | Noticed a naga
  4418 | D:4      | Noticed a shock serpent
  4418 | D:4      | Noticed a naga mage
  4418 | D:4      | Noticed a vampire mosquito
  4418 | D:4      | Noticed a bunyip
  4418 | D:4      | Noticed a shambling mangrove
  4418 | D:4      | Noticed a bloated husk
  4418 | D:4      | Noticed a goliath frog
  4418 | D:4      | Noticed a shock serpent
  4419 | D:4      | Noticed a naga sharpshooter
  4419 | D:4      | Noticed a tyrant leech
  4421 | D:4      | Noticed a bog body
  4421 | D:4      | Noticed an eleionoma
  4482 | D:4      | Reached skill level 5 in Fighting
  4586 | D:4      | Noticed a hornet
  4603 | D:4      | Killed a hornet
  4604 | D:4      | Gained mutation: You sometimes gain power by taking damage.
                  | [demonic ancestry]
  4604 | D:4      | Reached XP level 7. HP: 23/58 MP: 10/10
  4840 | D:4      | Noticed Pikel
  4848 | D:4      | Killed Pikel
  4849 | D:4      | Reached skill level 5 in Dodging
  4849 | D:4      | Reached skill level 1 in Armour
  4849 | D:4      | Gained mutation: You are partially covered in rugged brown
                  | scales. (AC +1, +3% HP) [demonic ancestry]
  4849 | D:4      | Reached XP level 8. HP: 44/65 MP: 1/11
  5325 | D:4      | Noticed Robin
  5331 | D:4      | Killed Robin
  5490 | D:5      | Entered Level 5 of the Dungeon
  5645 | D:4      | Paralysed by a hobgoblin for 2 turns
  6308 | D:5      | Reached skill level 5 in Armour
  6438 | D:5      | Reached skill level 1 in Evocations
  6948 | D:5      | Found a staircase to the Ecumenical Temple.
  7070 | Temple   | Entered the Ecumenical Temple
  7142 | Temple   | Became a worshipper of Yredelemnul the Dark
  7366 | D:5      | Reached XP level 9. HP: 44/71 MP: 12/12
  7495 | D:6      | Noticed Maggie
  7504 | D:6      | Paralysed by Maggie for 3 turns
  7511 | D:6      | Killed Maggie
  7512 | D:6      | Reached * piety under Yredelemnul
  7512 | D:6      | Reached skill level 5 in Evocations
  7531 | D:6      | Learned a level 2 spell: Sublimation of Blood
  7535 | D:6      | Learned a level 3 spell: Vampiric Draining
  7541 | D:6      | Your ally Maggie died
  7703 | D:6      | Noticed Menkaure
  7822 | D:6      | Killed Menkaure
  7937 | D:6      | Reached skill level 7 in Necromancy
  8600 | D:6      | Noticed Sigmund
  8638 | D:6      | Killed Sigmund
  8639 | D:6      | Reached skill level 8 in Necromancy
  8724 | D:6      | Your ally Sigmund died
  8756 | D:6      | Found a hazy altar of Hepliaklqana.
  9024 | D:6      | Reached skill level 9 in Necromancy
  9076 | D:6      | Found a runed translucent door.
  9077 | D:6      | Noticed Crazy Yiuf
  9236 | D:6      | Killed Crazy Yiuf
  9351 | D:7      | Learned a level 5 spell: Agony
  9440 | D:7      | Reached ** piety under Yredelemnul
  9773 | D:7      | Reached skill level 10 in Necromancy
  9858 | D:7      | Reached XP level 10. HP: 67/78 MP: 13/13
  9863 | D:7      | Reached *** piety under Yredelemnul
 10460 | D:8      | Reached skill level 5 in Invocations
 10862 | D:8      | Noticed Maurice
 10873 | D:8      | Killed Maurice
 10874 | D:8      | Noticed an orange demon
 10963 | D:8      | Noticed Amaemon
 11153 | D:8      | Found a staircase to the Lair.
 11198 | D:8      | Killed Amaemon
 11199 | D:8      | Reached skill level 11 in Necromancy
 11214 | D:8      | Killed an orange demon
 11849 | D:8      | Upgraded the game from 0.29.1-12-g30fa7ad0bf to
                  | 0.29.1-13-g9f3cf754e1
 11888 | D:8      | Reached skill level 12 in Necromancy
 12392 | D:8      | Noticed Gastronok
 12415 | D:8      | Killed Gastronok
 12416 | D:8      | Reached skill level 13 in Necromancy
 12416 | D:8      | Gained mutation: Your demonic aura often causes spilled
                  | blood to erupt in flames. [demonic ancestry]
 12416 | D:8      | Reached XP level 11. HP: 66/83 MP: 6/15
 13127 | D:9      | Found a transporter.
 13132 | D:9      | Noticed SirLogeyBear's ghost (novice HOBe)
 13172 | D:9      | Found a transporter.
 13199 | D:9      | Noticed a two-headed ogre
 13236 | D:9      | Found a shimmering blue altar of Sif Muna.
 13543 | D:9      | Found a sacrificial altar of Ru.
 13543 | D:9      | Found a bloodstained altar of Trog.
 13547 | D:9      | Found an ancient bone altar of Kikubaaqudgha.
 13547 | D:9      | Found a shadowy altar of Dithmenos.
 13569 | D:9      | Reached skill level 14 in Necromancy
 13803 | D:9      | Killed a two-headed ogre
 14840 | D:10     | Entered Level 10 of the Dungeon
 15518 | D:10     | Reached skill level 15 in Necromancy
 16102 | D:11     | Found Ryol's Antique Armour Boutique.
 16135 | D:11     | Noticed a four-headed hydra
 16146 | D:11     | Killed a four-headed hydra
 16549 | D:11     | Found Zin's Purification Station.
 16690 | D:11     | Noticed Josephine
 16721 | D:11     | Killed Josephine
 16745 | D:11     | Reached skill level 16 in Necromancy
 17148 | D:11     | Noticed a four-headed hydra
 17176 | D:11     | Killed a four-headed hydra
 18079 | D:12     | Noticed an ice dragon
 18094 | D:12     | Killed an ice dragon
 18095 | D:12     | Reached skill level 5 in Spellcasting
 18095 | D:12     | Gained mutation: You have a pair of small antennae on your
                  | head. [demonic ancestry]
 18095 | D:12     | Reached XP level 12. HP: 64/90 MP: 6/19
 18557 | D:12     | Noticed a two-headed ogre
 18570 | D:12     | Killed a two-headed ogre
 18577 | D:12     | Found a staircase to the Orcish Mines.
 19930 | D:12     | Reached skill level 10 in Invocations
 20254 | D:12     | Noticed a war gargoyle
 20279 | D:12     | Killed from afar by a war gargoyle

Illustrated notes

Levels and vault maps discovered:
D:1:      wander_arrival_estate, layout_basic
D:2:      layout_basic, hellmonk_ecumenical_altar_defaced_shrine
D:3:      layout_rooms, uniq_jessica, uniq_ijyb
D:4:      layout_basic, grunt_ashenzari_visionary
          [grunt_ashenzari_visionary_swamp, grunt_ashenzari_visionary_snake],
          uniq_robin, uniq_pikel
D:5:      minmay_general_purpose_star, layout_basic,
          minmay_temple_entry_glassed_door
D:6:      layout_loops_corners, kennysheep_mini, tso_oasis_becter, uniq_sigmund,
          uniq_menkaure, uniq_maggie, uniq_crazy_yiuf_cottage
D:7:      layout_gridville
D:8:      layout_basic, erik_lair_island, st_stairs_3, minmay_diced_spiral,
          uniq_maurice, uniq_gastronok, uniq_amaemon
D:9:      lemuel_ice_spiral_2, layout_basic, grunt_temple_overflow_open,
          gammafunk_ghost_stat_death
D:10:     layout_stronghold, serial_glass, glass_columns_c, glass_columns_b,
          due_unseen_surprise, enter_bailey_5, minmay_misc_feat_doors
D:11:     layout_roguey, serial_shops, nicolae_inconvenience_store,
          grunt_ministairs_10, amcnicky_mini_rare_corridor_liquid, zin_purify,
          uniq_josephine
D:12:     gargoyle_guard, layout_basic, orc_0_dummy, ice2_lemuel
Temple:   eino_temple_lava

Skill      XL: |  1  2  3  4  5  6  7  8  9 10 11 12 |
---------------+-------------------------------------+-----
Necromancy     | 5 6 10 13 16 | 16.0
Fighting       | 1 2 4 6 |  6.0
Dodging        | 2 5 |  5.0
Armour         | 1 5 |  5.3
Evocations     | 3 6 |  6.0
Invocations    | 2 6 10 | 10.3
Spellcasting   | 5 6 |  6.0
Stealth        | |  1.7

Action                   |  1- 3 |  4- 6 |  7- 9 | 10-12 || total
-------------------------+-------+-------+-------+-------++-------
Melee: Unarmed           |    21 |       |       |       ||    21
       Dagger            |    41 |    31 |       |       ||    72
       Punch             |     1 |       |     1 |     2 ||     4
       Rapier            |       |    57 |   187 |   233 ||   477
       Staff             |       |       |       |    37 ||    37
 Fire: Sling             |       |     9 |    18 |    56 ||    83
Throw: Dart              |       |     6 |       |     2 ||     8
 Cast: Necrotise         |    43 |    40 |    32 |   107 ||   222
       Vampiric Draining |       |       |     7 |    82 ||    89
       Sublimation of Bl |       |       |       |    19 ||    19
       Agony             |       |       |       |     3 ||     3
Evoke: Wand              |       |       |       |    16 ||    16
  Use: Scroll            |     1 |     5 |     3 |     9 ||    18
       Potion            |       |     2 |       |     1 ||     3
 Stab: Sleeping          |       |       |     2 |     1 ||     3
Armor: Robe              |     8 |       |       |       ||     8
       Ring mail         |    16 |     5 |       |       ||    21
       Scale mail        |       |    23 |    51 |       ||    74
       Acid dragon scale |       |       |    39 |   221 ||   260
Dodge: Dodged            |    48 |    50 |   141 |   285 ||   524
